 Dungeon Crawl Stone Soup version 0.29-a0-847-g24c0ca63c9 (webtiles) character file.

Game seed: 11832694429463856189

33 Malachi the Cudgeller (level 3, -2/31 HPs)
             Began as a Ghoul Fighter on July 16, 2022.
             Slain by Crazy Yiuf
             ... wielding a +3 quarterstaff of chaos
              (4 damage)
             ... on level 2 of the Dungeon.
             The game lasted 00:01:00 (753 turns).

Malachi the Cudgeller (Ghoul Fighter)                Turns: 753, Time: 00:01:01

Health: -2/31      AC:  6    Str: 21    XL:     3   Next: 29%
Magic:  2/2        EV:  9    Int:  3    God:
Gold:   47         SH:  4    Dex:  8    Spells: 2/2 levels left

rFire   . . .      SeeInvis .   a - +0 flail
rCold   + . .      Faith    .   c - +0 buckler
rNeg    + + +      Spirit   .   b - +0 scale mail
rPois   ∞          Reflect  .   (no helmet)
rElec   .          Harm     .   (no cloak)
rCorr   .          Rampage  .   (no gloves)
Will    .....                   (no boots)
Stlth   ..........              (no amulet)
HPRegen 0.00/turn               (no ring)
MPRegen 0.08/turn               (no ring)

@: mighty, inhibited regen
A: claws 1, cold resistance 1, negative energy resistance 3, inhibited
regeneration, torment resistance 2, devour on kill
a: no special abilities


You were on level 2 of the Dungeon.
You visited 1 branch of the dungeon, and saw 2 of its levels.

You collected 47 gold pieces.

Inventory:

Hand Weapons
 a - a +0 flail (weapon)
Armour
 b - a +0 scale mail (worn)
 c - a +0 buckler (worn)


   Skills:
 - Level 3.2 Fighting
 + Level 3.3 Maces & Flails
 - Level 2.6 Armour
 - Level 2.6 Shields


You had 2 spell levels left.
You didn't know any spells.
Your spell library was empty.

Dungeon Overview and Level Annotations

Branches:
Dungeon (2/15)

Altars:

Annotations:
D:2 Crazy Yiuf


Innate Abilities, Weirdness & Mutations

You are immune to poison.
You have sharp fingernails.
Your flesh is cold resistant. (rC+)
You are immune to negative energy. (rN+++)
You do not regenerate when monsters are visible.
You are immune to unholy pain and torment.
You thrive by killing the living.


Message History

There is an open door here.
There is a stone staircase leading down here.
Done exploring.
Done exploring.
You climb downwards.
Found an escape hatch in the floor.
There is a stone staircase leading up here.
Unknown command.
There is a stone staircase leading up here.
You now have 47 gold pieces (gained 14).
Found a stone staircase leading up.
Found a runed translucent door.
Crazy Yiuf the Enlightened comes into view.
He is wielding a +3 quarterstaff of chaos.
Crazy Yiuf shouts!
Crazy Yiuf screams, "Iron chair pontify!"
Crazy Yiuf is nearby!
Crazy Yiuf is nearby!
No reachable target in view!
Press: ? - help, v - describe, . - travel, g - get item Item here: a scorched hammer.
The floor.
You open the door. You sock Crazy Yiuf!
Crazy Yiuf is moderately wounded.
Crazy Yiuf barely misses you.
You feel very mighty all of a sudden. Crazy Yiuf hits you but does no damage.
You hit Crazy Yiuf.
Crazy Yiuf is severely wounded.
Crazy Yiuf hits you with a +3 quarterstaff of chaos.
You are electrocuted!
You barely miss Crazy Yiuf.
Crazy Yiuf is severely wounded.
Crazy Yiuf closely misses you.
You closely miss Crazy Yiuf.
Crazy Yiuf is heavily wounded.
Crazy Yiuf hits you with a +3 quarterstaff of chaos!
* * * LOW HITPOINT WARNING * * *
Crazy Yiuf burns you.
You die...

##### #..)#
#...# ...
#g# ##@#
#.## ##.#
#.## ##.##
#######
#...##
..>....
#....#
#######
##..## .
####
#....####..


You could see Crazy Yiuf.

Vanquished Creatures
  A dart slug (D:1)
  A ball python (D:1)
  4 bats (D:1)
  2 endoplasms (D:1)
  A hobgoblin (D:1)
  8 jackals (D:1)
  A quokka (D:1)
  A frilled lizard (D:1)
  3 goblins (D:1)
  2 kobolds (D:1)
  2 rats (D:1)
26 creatures vanquished.

Notes
Turn   | Place    | Note
-------+----------+-------------------------------------------
     0 | D:1      | Malachi the Ghoul Fighter began the quest for the Orb.
     0 | D:1      | Reached XP level 1. HP: 19/19 MP: 0/0
    14 | D:1      | Found a faded altar of an unknown god.
    50 | D:1      | Reached XP level 2. HP: 26/26 MP: 1/1
   363 | D:1      | Reached XP level 3. HP: 31/31 MP: 2/2
   744 | D:2      | Found a runed translucent door.
   745 | D:2      | Noticed Crazy Yiuf
   753 | D:2      | Slain by Crazy Yiuf

Illustrated notes

Levels and vault maps discovered:
D:1:      dpeg_arrival_tiny_a, layout_basic, serial_curves, eino_curves_02,
          eino_curves_01, basic_ecumenical_altar, kennysheep_flooded_box,
          minmay_door_square
D:2:      minmay_inner_zag, layout_rooms, uniq_crazy_yiuf_cottage

Skill      XL: |  1  2 |
---------------+-------+-----
Maces & Flails | 2 3 |  3.3
Fighting       | |  3.2
Armour         | |  2.6
Shields        | |  2.6

Action                   || total
-------------------------++-------
Melee: Flail             ||    84
  Use: Potion            ||     1
Armor: Scale mail        ||    70
Dodge: Dodged            ||    46
Block: Buckler           ||    27

Table legend: (Time is in decaauts)
 A = Elapsed time spent in this place.
 B = Non-inter-level travel time spent in this place.
 C = Inter-level travel time spent in this place.
 D = Time resting spent in this place.
 E = Time spent auto-exploring this place.
 F = Levels seen in this place.
 G = Mean time per level.
                   A        B        C        D        E       F      G
               +--------+--------+--------+--------+--------+-----+--------+
         Total |    778 |    756 |     22 |      0 |    584 |   2 |  389.0 |
       Dungeon |    778 |    756 |     22 |      0 |    584 |   2 |  389.0 |
               +--------+--------+--------+--------+--------+-----+--------+

Top non-repeatable levels by time:
     D:1: 729 daAuts
     D:2: 49 daAuts
